 Dungeon Crawl Stone Soup version 0.23.2-33-g5129a83184 (webtiles) character file.

Game seed: 6123046609173315533

77 H0rd4k the Charlatan (level 4, -1/32 HPs)
             Began as a Human Artificer on July 30, 2019.
             Slain by an orc
             ... wielding a +0 falchion
              (3 damage)
             ... on level 3 of the Dungeon.
             The game lasted 00:01:36 (1853 turns).

H0rd4k the Charlatan (Human Artificer)              Turns: 1853, Time: 00:01:37

Health: -1/32      AC:  3    Str: 14    XL:     4   Next: 60%
Magic:  6/6        EV: 12    Int: 11    God:
Gold:   108        SH:  0    Dex: 13    Spells: 3/3 levels left

rFire    . . .     SeeInvis .   a - +0 short sword
rCold    . . .     Gourm    .   (no shield)
rNeg     . . .     Faith    .   b - +0 leather armour
rPois    .         Spirit   .   (no helmet)
rElec    .         Reflect  .   (no cloak)
rCorr    .         Harm     .   (no gloves)
MR       .....                  (no boots)
Stlth    +.........             (no amulet)
HPRegen  0.10/turn              (no ring)
MPRegen  0.10/turn              (no ring)

@: no status effects
A: no striking features
a: no special abilities


You were on level 3 of the Dungeon.
You were not hungry.

You visited 1 branch of the dungeon, and saw 3 of its levels.

You collected 108 gold pieces.

Inventory:

Hand Weapons
 a - a +0 short sword (weapon)
Armour
 b - a +0 leather armour (worn)
 g - a +0 pair of gloves
Jewellery
 l - an uncursed amulet of the acrobat {unknown}
 o - a +4 ring of intelligence {unknown}
Wands
 c - a wand of flame (9)
 d - a wand of enslavement (15)
 e - a wand of random effects (14)
Scrolls
 i - a scroll of remove curse {unknown}
 m - a scroll of magic mapping {unknown}
 q - 2 scrolls of identify {unknown}
 r - a scroll of enchant weapon {unknown}
Potions
 h - 2 potions of curing {unknown}
 j - a potion of lignification {unknown}
 k - 2 potions of resistance {unknown}
 n - a potion of might {unknown}
 p - a potion of heal wounds {unknown}
Comestibles
 f - 3 rations


   Skills:
 + Level 1.4 Fighting
 + Level 2.0 Short Blades
 + Level 2.0 Armour
 + Level 2.1 Dodging
 + Level 1.1 Stealth
 + Level 3.6 Evocations


You had 3 spell levels left.
You didn't know any spells.
Your spell library was empty.

Dungeon Overview and Level Annotations

Branches:
Dungeon (3/15)

Altars:
Cheibriados
Elyvilon
Uskayaw
Yredelemnul


Message History

The orc hits you with a +0 falchion!
* * * LOW HITPOINT WARNING * * *
You barely miss the orc.
The orc is heavily wounded.
The orc hits you with a +0 falchion.
* * * LOW HITPOINT WARNING * * *
Evoke which item? (* to show all) (? for menu, Esc to quit)
Aiming: Throw Flame
Press: ? - help, Shift-Dir - straight line, f - orc
Aim: an orc, wielding a +0 falchion and wearing a +0 chain mail (heavily wounded)
The puff of flame hits the orc but does no damage.
The orc is heavily wounded.
Evoke which item? (* to show all) (? for menu, Esc to quit)
Aiming: Throw Flame
Press: ? - help, Shift-Dir - straight line, f/p - orc
Aim: an orc, wielding a +0 falchion and wearing a +0 chain mail (heavily wounded)
The puff of flame hits the orc but does no damage.
The orc is heavily wounded.
The orc hits you with a +0 falchion.
You die...

####
##.).##
##⌠.>.⌠##
##.......#
.....⌠o@(#
.#.....(.#
##⌠.>.⌠##
##...##
####


You could see an orc.

Vanquished Creatures
  An orc priest (D:2)
  A worm (D:2)
  3 dart slugs
  A leopard gecko (D:2)
  An orc (D:2)
  4 bats
  A giant cockroach (D:2)
  3 goblins
  8 hobgoblins
  4 jackals (D:1)
  9 kobolds
  2 frilled lizards (D:1)
  4 rats
42 creatures vanquished.

Notes
Turn   | Place    | Note
-------+----------+-------------------------------------------
     0 | D:1      | H0rd4k the Human Artificer began the quest for the Orb.
     0 | D:1      | Reached XP level 1. HP: 15/15 MP: 3/3
   175 | D:1      | Reached XP level 2. HP: 13/21 MP: 4/4
   485 | D:1      | Reached XP level 3. HP: 19/26 MP: 5/5
   991 | D:2      | Found a basalt altar of Yredelemnul.
   994 | D:2      | Found a hide-covered altar of Uskayaw.
   997 | D:2      | Found a white marble altar of Elyvilon.
  1139 | D:2      | Found a snail-covered altar of Cheibriados.
  1247 | D:2      | Reached skill level 1 in Armour
  1247 | D:2      | Reached XP level 4. HP: 6/32 MP: 6/6
  1853 | D:3      | Slain by an orc

Skill      XL: |  1  2  3  4 |
---------------+-------------+-----
Short Blades   | 2 |  2.0
Armour         | 1 2 |  2.0
Fighting       | |  1.4
Dodging        | |  2.1
Stealth        | |  1.1
Evocations     | |  3.6

Action                   |  1- 3 |  4- 6 || total
-------------------------+-------+-------++-------
Melee: Short sword       |   137 |    25 ||   162
Evoke: Wand              |       |     7 ||     7
 Stab: Sleeping          |     1 |       ||     1
  Eat: Chunk             |       |     3 ||     3
Armor: Leather armour    |    36 |     3 ||    39
Dodge: Dodged            |    87 |    23 ||   110
